 Dungeon Crawl Stone Soup version 0.23.0-3-gf3c87f2 (webtiles) character file.

Game seed: 7534228238161704015

3655 Borgoz the Covert (level 10, -5/83 HPs)
             Began as a Ghoul Assassin on Feb 23, 2019.
             Was an Initiate of Ashenzari.
             Slain by a vampire
             ... wielding a +0 scimitar
              (14 damage)
             ... on level 9 of the Dungeon.
             The game lasted 00:18:48 (8921 turns).

Borgoz the Covert (Ghoul Assassin)                  Turns: 8921, Time: 00:18:48

Health: -5/83      AC:  8    Str: 21    XL:     10   Next: 12%
Magic:  9/9        EV: 14    Int:  7    God:    Ashenzari [......]
Gold:   217        SH:  0    Dex: 12    Spells: 8/9 levels left

rFire    + . .     SeeInvis .   a - +2 dagger (venom)
rCold    + + .     Gourm    .   (no shield)
rNeg     + + +     Faith    .   C - +2 robe {MR+}
rPois    ∞         Spirit   .   (no helmet)
rElec    +         Reflect  .   r - +2 cloak (curse)
rCorr    +         Harm     .   B - +0 pair of gloves
MR       +....                  (no boots)
Stlth    +++++.....             (no amulet)
HPRegen  0.00/turn              t - ring of stealth
MPRegen  0.11/turn              s - +5 ring of strength

@: resistant, rotting
A: rotting body, claws 1, carnivore, cold resistance 1, negative energy
resistance 3, inhibited regeneration, torment resistance, unbreathing
a: Curse Item, Renounce Religion


You were on level 9 of the Dungeon.
You worshipped Ashenzari.
Ashenzari was noncommittal.
You were not hungry.

You visited 2 branches of the dungeon, and saw 11 of its levels.

You collected 427 gold pieces.
You spent 210 gold pieces at shops.

Inventory:

Hand Weapons
 a - a +2 dagger of venom (weapon)
 b - a +2 blowgun
 q - a +4 quarterstaff of chaos
Missiles
 e - 5 poisoned needles
 f - a curare-tipped needle
Armour
 k - a +3 leather armour of fire resistance
 r - a cursed +2 cloak (worn)
 B - a +0 pair of gloves (worn)
 C - a +2 robe of magic resistance (worn)
 E - the +0 pair of gloves of Agoraphobia {-Tele rN+ Slay+2 SInv}
   (You found it on level 8 of the Dungeon)

   It affects your accuracy and damage with ranged weapons and melee attacks
   (+2).
   It protects you from negative energy.
   It lets you see invisible.
   It prevents most forms of teleportation.
Jewellery
 c - an uncursed ring of protection from fire
 l - an uncursed amulet of magic regeneration
 s - a +5 ring of strength (right hand)
 t - a ring of stealth (left hand)
 z - an uncursed ring of protection from magic
Wands
 o - a wand of paralysis (7)
Scrolls
 h - a scroll of blinking
 i - 5 scrolls of teleportation
 n - a scroll of immolation {unknown}
 w - a scroll of magic mapping
 y - a scroll of brand weapon {unknown}
 A - a scroll of enchant armour {unknown}
Potions
 d - a potion of resistance
 j - 2 potions of might {unknown}
 m - a potion of curing
 p - 2 potions of lignification
 u - a potion of brilliance {unknown}
 v - 2 potions of flight {unknown}
 x - a potion of invisibility {unknown}
 D - a potion of degeneration {unknown}
Comestibles
 g - 11 rations


   Skills:
 + Level 5.7 Fighting
 + Level 7.2 Short Blades
 - Level 3.2 Throwing
 + Level 3.7 Armour
 + Level 4.9 Dodging
 + Level 10.3 Stealth


You had 8 spell levels left.
You knew the following spells:

 Your Spells              Type           Power        Failure   Level  Hunger
a - Confusing Touch       Hex            #.....       43%         1    ##.....

Your spell library contained the following spells:

 Spells                   Type           Power        Failure   Level  Hunger
 Animate Skeleton         Necr           N/A          43%         1    ##.....
 Apportation              Tloc           #.....       43%         1    ##.....
 Pain                     Necr           #...         43%         1    ##.....
 Summon Small Mammal      Summ           #...         43%         1    ##.....
 Regeneration             Chrm/Necr      #.........   80%         3    ####...
 Vampiric Draining        Necr           #.........   80%         3    ####...
 Animate Dead             Necr           N/A          99%         4    #####..


Dungeon Overview and Level Annotations

Branches:
Dungeon (10/15)            Temple (1/1) D:5
   Lair: D:8-11         Orc: D:9-12

Altars:
Ashenzari
Elyvilon
Gozag
Hepliaklqana
Kikubaaqudgha
Makhleb
Nemelex Xobeh
Okawaru
Qazlal
Ru
Sif Muna
Trog
Uskayaw
Vehumet
Wu Jian
Xom
Yredelemnul
The Shining One

Shops:
D:5 =

Annotations:
D:9 2 runed translucent doors


Innate Abilities, Weirdness & Mutations

Your body is rotting away.
You thrive on raw meat.
You are immune to poison.
You have sharp fingernails.
You are carnivorous and can eat meat at any time.
Your flesh is cold resistant. (rC+)
You are immune to negative energy. (rN+++)
You do not regenerate when monsters are visible.
You are immune to unholy pain and torment.
You can survive without breathing.


Message History

You feel protected. Something hits you. Something bites you.
You hit something but do no damage. You hit something.
Something barely misses you. Something bites you!
You hit something. You closely miss something. Something hits you!
Something bites you.
You miss something. You barely miss something. Something hits you!
* * * LOW HITPOINT WARNING * * *
Something bites you!
* * * LOW HITPOINT WARNING * * *
Unknown command.
You feel better.
Okay, then.
Okay, then.
It was a potion of lignification.
You feel woody for a moment. Something hits you.
* * * LOW HITPOINT WARNING * * *
Something bites you!
You die...

................................
....######..####################
..r #..# . #..# #..#
#######..####################
...................÷.........
.............................
...........{@.))........>....
######.†#####################
#..# #..# ####### #... .......
.... ....... .....# #######
######


There were no monsters in sight!

Vanquished Creatures
  Grinder (D:3)
  3 hippogriffs
  3 wyverns
  Duvessa (D:7)
  4 sky beasts
  An eye of draining (D:9)
  2 phantoms
  2 ice beasts
  2 ogres
  A crocodile (D:8)
  A bullfrog (D:9)
  Dowan (D:7)
  A scorpion (D:7)
  3 wights (D:5)
  5 crimson imps
  A quasit (D:7)
  A bullfrog zombie (D:9)
  Crazy Yiuf (D:3)
  2 hounds
  An orc priest (D:6)
  7 orc wizards
  Jessica (D:3)
  2 iguanas
  Natasha (thrice) (D:3)
  4 worker ants
  A hound zombie (D:6)
  A hound skeleton (D:8)
  2 worker ant zombies
  3 adders
  3 gnolls (D:4)
  An ooze (D:4)
  2 adder skeletons
  2 adder zombies (D:9)
  3 worms
  A dart slug (D:1)
  6 leopard geckos
  19 orcs
  2 ball pythons
  7 giant cockroaches
  5 goblins
  6 hobgoblins
  12 jackals
  4 quokkas
  A bat (D:2)
  7 frilled lizards
  A jackal skeleton (D:4)
  6 kobolds
  A leopard gecko skeleton (D:4)
  10 rats
160 creatures vanquished.

Notes
Turn   | Place    | Note
-------+----------+-------------------------------------------
     0 | D:1      | Borgoz the Ghoul Assassin began the quest for the Orb.
     0 | D:1      | Reached XP level 1. HP: 17/17 MP: 0/0
   232 | D:1      | Reached XP level 2. HP: 20/24 MP: 1/1
   395 | D:1      | Reached skill level 5 in Stealth
   902 | D:2      | Reached XP level 3. HP: 27/29 MP: 2/2
  1021 | D:2      | Found a radiant altar of Vehumet.
  1155 | D:2      | Reached skill level 1 in Dodging
  1361 | D:3      | Reached XP level 4. HP: 9/37 MP: 3/3
  1372 | D:3      | Found a hide-covered altar of Uskayaw.
  1483 | D:3      | Noticed Jessica
  1492 | D:3      | Killed Jessica
  1509 | D:3      | Reached XP level 5. HP: 3/45 MP: 4/4
  1761 | D:3      | Noticed Natasha
  1772 | D:3      | Killed Natasha
  1772 | D:3      | Reached skill level 6 in Stealth
  1930 | D:3      | Noticed Grinder
  1981 | D:3      | Noticed Natasha
  1999 | D:3      | Killed Natasha
  2440 | D:3      | Found a runed translucent door.
  2441 | D:3      | Noticed Crazy Yiuf
  2545 | D:3      | Found a burning altar of Makhleb.
  2546 | D:3      | Found an iron altar of Okawaru.
  2786 | D:3      | Killed Crazy Yiuf
  2786 | D:3      | Reached XP level 6. HP: 18/51 MP: 5/5
  2969 | D:4      | Reached skill level 1 in Armour
  4090 | D:3      | Paralysed by Grinder for 4 turns
  4107 | D:3      | Paralysed by Grinder for 5 turns
  4119 | D:3      | Killed Grinder
  4119 | D:3      | Reached XP level 7. HP: 9/56 MP: 6/6
  4421 | D:3      | Noticed Natasha
  4427 | D:3      | Killed Natasha
  4455 | D:5      | Entered Level 5 of the Dungeon
  4619 | D:5      | Found a white marble altar of Elyvilon.
  4790 | D:5      | Found a staircase to the Ecumenical Temple.
  4957 | D:5      | Found Atamess's Jewellery Shoppe.
  4978 | D:5      | Bought an uncursed ring of stealth for 210 gold pieces
  5425 | D:5      | Reached skill level 7 in Stealth
  5456 | D:5      | Reached XP level 8. HP: 31/66 MP: 7/7
  5914 | Temple   | Entered the Ecumenical Temple
  6121 | Temple   | Became a worshipper of Ashenzari the Shackled
  6883 | D:7      | Noticed Duvessa
  6883 | D:7      | Noticed Dowan
  6904 | D:7      | Killed Duvessa
  6925 | D:7      | Killed Dowan
  7114 | D:7      | Found a stormy altar of Qazlal.
  7184 | D:7      | Reached skill level 5 in Short Blades
  7213 | D:7      | Noticed a hippogriff
  7241 | D:7      | Reached skill level 8 in Stealth
  7256 | D:7      | Killed a hippogriff
  7256 | D:7      | Reached XP level 9. HP: 45/73 MP: 8/8
  7475 | D:7      | Found a sacrificial altar of Ru.
  7629 | D:8      | Reached skill level 5 in Fighting
  7704 | D:8      | Reached skill level 9 in Stealth
  7707 | D:8      | Got the uncursed pair of gloves of Agoraphobia {-Tele rN+
                  | Slay+2 SInv}
  7939 | D:9      | Reached skill level 10 in Stealth
  8041 | D:9      | Learned a level 1 spell: Confusing Touch
  8246 | D:9      | Found a large runed translucent door.
  8248 | D:9      | Found a large runed translucent door.
  8438 | D:10     | Entered Level 10 of the Dungeon
  8476 | D:9      | Found an ornate altar of the Wu Jian Council.
  8499 | D:9      | Reached XP level 10. HP: 57/81 MP: 9/9
  8921 | D:9      | Slain by a vampire

Skill      XL: |  1  2  3  4  5  6  7  8  9 10 |
---------------+-------------------------------+-----
Stealth        | 5 6 7 8 10 | 10.3
Dodging        | 1 2 3 4 |  4.9
Short Blades   | 2 3 5 6 7 |  7.2
Fighting       | 3 4 5 |  5.7
Throwing       | 2 3 |  3.2
Armour         | 2 3 |  3.7

Action                   |  1- 3 |  4- 6 |  7- 9 | 10-12 || total
-------------------------+-------+-------+-------+-------++-------
Melee: Dagger            |    83 |   130 |   416 |    80 ||   709
 Fire: Blowgun           |       |    13 |     2 |       ||    15
 Cast: Confusing Touch   |       |       |       |     1 ||     1
Invok: Curse Item        |       |       |     1 |       ||     1
Evoke: Wand              |       |       |       |     1 ||     1
  Use: Scroll            |     4 |     3 |     6 |     1 ||    14
       Potion            |     3 |       |     1 |     3 ||     7
 Stab: Sleeping          |    11 |     9 |    28 |     1 ||    49
       Distracted        |       |       |     1 |       ||     1
  Eat: Chunk             |    12 |    15 |    30 |    16 ||    73
Armor: Robe              |    15 |     3 |    71 |    18 ||   107
       Leather armour    |       |    23 |    31 |       ||    54
Dodge: Dodged            |    26 |    60 |   165 |    26 ||   277
